 Dungeon Crawl Stone Soup version 0.29-a0-304-gb34f9e133a (webtiles) character file.

Game seed: 5791116325467769309

98 TOYA the Skirmisher (level 4, -2/41 HPs)
             Began as a Minotaur Berserker on Mar 26, 2022.
             Was a Believer of Trog.
             Slain by a hound (5 damage)
             ... on level 3 of the Dungeon.
             The game lasted 00:30:46 (3351 turns).

TOYA the Skirmisher (Minotaur Berserker)            Turns: 3351, Time: 00:30:47

Health: -2/41      AC: 11    Str: 30    XL:     4   Next: 44%
Magic:  3/3        EV:  8    Int:  4    God:    Trog [**....]
Gold:   149        SH:  0    Dex:  9    Spells: 3/3 levels left

rFire   . . .      SeeInvis .   a - +0 falchion
rCold   . . .      Faith    .   (no shield)
rNeg    . . .      Spirit   .   k - +0 plate armour
rPois   .          Reflect  .   (helmet restricted)
rElec   .          Harm     .   (no cloak)
rCorr   .          Rampage  .   (no gloves)
Will    .....                   (no boots)
Stlth   ..........              (no amulet)
HPRegen 0.13/turn               r - +6 ring of strength
MPRegen 0.08/turn               (no ring)

@: on berserk cooldown, slowed, very slow
A: horns 2, retaliatory headbutt
a: Renounce Religion, Berserk, Trog's Hand


You were on level 3 of the Dungeon.
You worshipped Trog.
Trog was pleased with you.
You visited 1 branch of the dungeon, and saw 3 of its levels.

You collected 149 gold pieces.

Inventory:

Hand Weapons
 a - a +0 falchion (weapon)
 e - a +0 dagger
 g - a +0 mace
 h - a +0 whip
 n - a +0 hand crossbow
 s - a +0 halberd
Missiles
 d - 58 stones (quivered)
 m - 5 boomerangs
Armour
 b - a +0 animal skin
 c - a +0 ring mail
 f - a +0 leather armour
 k - a +0 plate armour (worn)
 l - a +0 chain mail
Magical Staves
 i - a staff of cold
Jewellery
 r - a +6 ring of strength (left hand)
Scrolls
 j - 2 scrolls of identify {unknown}
 p - a scroll of amnesia {unknown}
Potions
 o - a potion of heal wounds {unknown}
 q - 3 potions of brilliance {unknown}


   Skills:
 + Level 4.5 Fighting
 + Level 4.5 Long Blades
 + Level 0.0 Staves
 + Level 3.3 Armour
 + Level 3.1 Dodging


You had 3 spell levels left.
You didn't know any spells.
Your spell library was empty.

Dungeon Overview and Level Annotations

Branches:
Dungeon (3/15)

Altars:

Shops:
D:3 [*


Innate Abilities, Weirdness & Mutations

You have a pair of horns on your head.
You reflexively headbutt those who attack you in melee.


Message History

Things that are here:
a +0 club; a +0 spear You closely miss the gnoll.
You closely miss the gnoll. You headbutt the gnoll!
The gnoll is almost dead.
The gnoll barely misses you.
You barely miss the gnoll. You headbutt the gnoll.
You kill the gnoll!
Trog accepts your kill.
You see here a +0 halberd.
Okay, then.
s - a +0 halberd You feel a strong urge to attack something.
Found Cofeet's General Store.
You are no longer berserk.
You are exhausted.
You feel yourself slow down.
A hound comes into view.
The hound barks!
You see here a coppery potion.
A hound is nearby!
You barely miss the hound. The hound closely misses you. The hound bites you.
* * * LOW HITPOINT WARNING * * *
You hit the hound. You headbutt the hound.
The hound is lightly wounded.
The hound bites you.
* * * LOW HITPOINT WARNING * * *
The hound bites you.
* * * LOW HITPOINT WARNING * * *
You hit the hound.
The hound is heavily wounded.
The hound bites you but does no damage. x3
Setting a skill training target for Staves at 12.0.
You barely miss the hound. You headbutt the hound.
The hound is severely wounded.
The hound bites you but does no damage. x2
You closely miss the hound. Your headbutt misses the hound.
The hound is severely wounded.
The hound bites you.
You die...

#######.#.....#
#..........##.###
#.#######..#....#
#..........#..#.# ##
#..####....####.# ..
##..##.#.......))###.####
...........[.............
######.....>.......#.####
#.#.....#.#@#.#
..#.....#.#h#..∩ .$.
#.#.#..... #. #.#!##.....
..h.....# ..##+ ....#....
..# .. ######


You could see a hound.

Vanquished Creatures
  3 gnolls (D:3)
  2 adders
  A dart slug (D:2)
  An orc (D:3)
  4 ball pythons
  4 endoplasms
  2 giant cockroaches
  5 goblins
  9 hobgoblins
  A quokka (D:1)
  3 frilled lizards (D:2)
  3 kobolds
  11 rats
49 creatures vanquished.

Notes
Turn   | Place    | Note
-------+----------+-------------------------------------------
     0 | D:1      | TOYA the Minotaur Berserker began the quest for the Orb.
     0 | D:1      | Reached XP level 1. HP: 19/19 MP: 0/0
  1542 | D:1      | Reached XP level 2. HP: 20/27 MP: 1/1
  2428 | D:1      | Reached ** piety under Trog
  2429 | D:1      | Reached XP level 3. HP: 25/33 MP: 2/2
  2767 | D:2      | Found a faded altar of an unknown god.
  3303 | D:3      | Found Zaschoof's Antique Armour Shop.
  3329 | D:3      | Reached XP level 4. HP: 15/41 MP: 3/3
  3339 | D:3      | Found Cofeet's General Store.
  3351 | D:3      | Slain by a hound

Illustrated notes

Levels and vault maps discovered:
D:1:      dpeg_arrival_ratfight, layout_basic
D:2:      layout_loops_ring, ebering_ecumenical_altar_ruins,
          serial_bayou_crossing
D:3:      layout_basic, nicolae_overflow_hidden_temple, serial_shops, shop,
          shop, shop, shop, nicolae_shop_waterfront, minmay_circle_x,
          uniq_jessica

Skill      XL: |  1  2  3 |
---------------+----------+-----
Long Blades    | 4 |  4.5
Fighting       | 4 |  4.5
Armour         | 3 |  3.3
Dodging        | 3 |  3.1

Action                   |  1- 3 |  4- 6 || total
-------------------------+-------+-------++-------
Melee: Falchion          |   109 |    12 ||   121
       Headbutt          |    20 |     4 ||    24
Invok: Berserk           |     1 |       ||     1
Armor: Animal skin       |     1 |       ||     1
       Plate armour      |    54 |     5 ||    59
Dodge: Dodged            |    53 |     8 ||    61

Table legend: (Time is in decaauts)
 A = Elapsed time spent in this place.
 B = Non-inter-level travel time spent in this place.
 C = Inter-level travel time spent in this place.
 D = Time resting spent in this place.
 E = Time spent auto-exploring this place.
 F = Levels seen in this place.
 G = Mean time per level.
                   A        B        C        D        E       F      G
               +--------+--------+--------+--------+--------+-----+--------+
         Total |   3374 |   3339 |     35 |   1369 |    669 |   3 | 1124.7 |
       Dungeon |   3374 |   3339 |     35 |   1369 |    669 |   3 | 1124.7 |
               +--------+--------+--------+--------+--------+-----+--------+

Top non-repeatable levels by time:
     D:1: 2535 daAuts
     D:2: 770 daAuts
     D:3: 69 daAuts
